 Dungeon Crawl Stone Soup version 0.30-a0-142-g7370640ec8 (webtiles) character file.

Game seed: 11602420554834807313

343 qw the Chopper (level 6, -5/38 HPs)
             Began as a Gargoyle Fighter on Sept 25, 2022.
             Slain by a gnoll
             ... wielding a +0 halberd
              (7 damage)
             ... on level 3 of the Dungeon.
             The game lasted 00:00:53 (2233 turns).

qw the Chopper (Gargoyle Fighter)                   Turns: 2233, Time: 00:00:53

Health: -5/38      AC: 13    Str: 22    XL:     6   Next: 57%
Magic:  6/6        EV:  7    Int:  8    God:
Gold:   63         SH:  4    Dex:  9    Spells: 5/5 levels left

rFire   . . .      SeeInvis .    Y - +0 war axe
rCold   . . .      Faith    .    c - +0 buckler
rNeg    + . .      Spirit   .    i - +0 chain mail
rPois   inf        Reflect  .    (no helmet)
rElec   +          Harm     .    (no cloak)
rCorr   .          Rampage  .    (no gloves)
Will    .....                    (no boots)
Stlth   ..........               (no amulet)
HPRegen 0.12/turn                (no ring)
MPRegen 0.10/turn                (no ring)

@: no status effects
A: sickness immunity, AC +4, negative energy resistance 1, electricity
resistance, torment resistance 1, petrification resistance
a: no special abilities


You were on level 3 of the Dungeon.
You visited 1 branch of the dungeon, and saw 3 of its levels.

You collected 63 gold pieces.


Innate Abilities, Weirdness & Mutations

You are immune to sickness and miasma.
Your stone body is resilient. (AC +4)
You are immune to poison.
You resist negative energy. (rN+)
You are resistant to electric shocks. (rElec)
You are resistant to unholy torment.
You are immune to petrification.


   Skills:
 - Level 4.2 Fighting
 + Level 5.5 Axes
 - Level 3.2 Armour
 - Level 1.0 Dodging
 - Level 3.2 Shields


You had 5 spell levels left.
You didn't know any spells.
Your spell library was empty.

Inventory:

Hand Weapons
 n - a +0 flail
 Y - a +0 war axe (weapon)
Armour
 b - a +0 pair of boots
 c - a +0 buckler (worn)
 i - a +0 chain mail (worn)
Scrolls
 a - 2 scrolls of identify
 j - a scroll of summoning {unknown}
 m - a scroll of fear {unknown}
Potions
 d - a potion of might
 e - a potion of degeneration {unknown}
 f - a potion of flight {unknown}
 g - 2 potions of attraction
 h - a potion of heal wounds {unknown}
 k - a potion of mutation {unknown}
 l - a potion of curing {unknown}

Dungeon Overview and Level Annotations

Branches:
Dungeon (3/15)

Altars:

Annotations:
D:3 1 transporter


Message History

The gnoll is severely wounded.
You barely miss the gnoll.
You block the gnoll's attack. x2; The gnoll barely misses you.
The gnoll hits you but does no damage.
The gnoll hits you from afar with a +0 halberd!
The gnoll barely misses you.
The gnoll hits you from afar with a +0 spear.
You hit the gnoll.
You kill the gnoll!
You hit the gnoll but do no damage.
The gnoll hits you from afar with a +0 halberd.
The gnoll hits you from afar with a +0 spear.
The gnoll closely misses you.
You completely miss the gnoll.
The gnoll hits you but does no damage. x2; The gnoll barely misses you.
You hit the gnoll.
The gnoll is moderately wounded.
The gnoll barely misses you.
The gnoll hits you from afar with a +0 spear.
The gnoll barely misses you.
You barely miss the gnoll.
The gnoll is moderately wounded.
The gnoll hits you but does no damage. The gnoll completely misses you.
The gnoll barely misses you. x2; You block the gnoll's attack. x2
You slash the gnoll!
You kill the gnoll!
The gnoll hits you from afar with a +0 halberd.
The gnoll hits you from afar with a +0 spear.
You block the gnoll's attack. The gnoll hits you but does no damage.
You hit the gnoll.
The gnoll is heavily wounded.
The gnoll hits you from afar with a +0 halberd!
The gnoll hits you with a +0 spear.
You barely miss the gnoll.
The gnoll is heavily wounded.
The gnoll hits you but does no damage. x2
You slash the gnoll!
You kill the gnoll!
The gnoll hits you from afar with a +0 halberd!
You die...

....%.....'...###
#####.....###.#.. #
#.........#.# #
#.#'##.##.#.# #
.#.#.##.####.# # #
...........#.# .# #
.#.#.........##'####+ #
#.#..#.##..)........ #
#.....#...@)......
#####.##.####..)........
..... #' #....g......
...# . .............
...# #. ...............
...# ................
...# ................
#..... ...#
................ #....
...# #....


You could see a gnoll.

Vanquished Creatures
  Sigmund (D:2)
  Jessica (D:2)
  Natasha (twice) (D:2)
  4 adders
  3 gnolls (D:3)
  4 orcs (D:3)
  4 endoplasms
  A giant cockroach (D:2)
  6 hobgoblins
  2 jackals (D:2)
  4 kobolds
  A quokka (D:2)
  4 ball pythons
  6 bats
  2 frilled lizards
  4 goblins
  5 rats
54 creatures vanquished.

Vanquished Creatures (others)
  A demonic plant (D:1)
  3 withered plants (D:1)
4 creatures vanquished.

Grand Total: 58 creatures vanquished

Notes
Turn   | Place    | Note
-------+----------+-------------------------------------------
     0 | D:1      | qw the Gargoyle Fighter began the quest for the Orb.
     0 | D:1      | Reached XP level 1. HP: 14/14 MP: 1/1
     0 | D:1      | 0 ||| qw: Version: 0.2-a-10-g399e6c4
     0 | D:1      | 0 ||| qw: Game counter: 405
     0 | D:1      | 0 ||| qw: Always use a shield: true
     0 | D:1      | 0 ||| qw: God list: Okawaru
     0 | D:1      | 0 ||| qw: Allow faded altars: false
     0 | D:1      | 0 ||| qw: Do Orc after D:15 true
     0 | D:1      | 0 ||| qw: Do second Lair branch before Depths: true
     0 | D:1      | 0 ||| qw: Lair rune preference: random
     0 | D:1      | 0 ||| qw: Plans: Normal, Zot:1-4, God:TSO, Crypt, Tomb,
                  | Pan, Slime:5, Hells, Abyss, Orb
     0 | D:1      | 0 ||| PLANNING D:1-11
    28 | D:1      | Reached skill level 2 in Axes
   117 | D:1      | 117 ||| DROPPING +0 club.
   164 | D:1      | Found a faded altar of an unknown god.
   243 | D:1      | 243 ||| Stepping ~*~*~tactically~*~*~ (stealth).
   251 | D:1      | Reached XP level 2. HP: 19/19 MP: 2/2
   256 | D:1      | 256 ||| DROPPING +0 mace of holy wrath.
   708 | D:1      | 708 ||| READING scroll labelled FOED UTUCUECA.
   709 | D:1      | 709 ||| READING scroll labelled GUKKYRPHILO.
   710 | D:1      | 710 ||| READING scroll labelled POKAEM HUA.
   711 | D:1      | 711 ||| READING scroll labelled WOELLUDIME.
   712 | D:1      | 712 ||| READING scroll labelled FUCIORIADEW.
   855 | D:2      | 855 ||| STAIRDANCE
  1081 | D:2      | Noticed Sigmund
  1082 | D:2      | 1082 ||| Stepping ~*~*~tactically~*~*~ (hiding).
  1090 | D:2      | Reached skill level 3 in Axes
  1090 | D:2      | Reached XP level 3. HP: 8/23 MP: 3/3
  1098 | D:2      | Killed Sigmund
  1099 | D:2      | Reached skill level 5 in Axes
  1099 | D:2      | Reached XP level 4. HP: 11/28 MP: 4/4
  1099 | D:2      | Reached XP level 5. HP: 12/32 MP: 5/5
  1308 | D:2      | Noticed Jessica
  1310 | D:2      | 1310 ||| Stepping ~*~*~tactically~*~*~ (hiding).
  1335 | D:2      | Killed Jessica
  1465 | D:2      | 1465 ||| Stepping ~*~*~tactically~*~*~ (stealth).
  1483 | D:2      | Reached XP level 6. HP: 37/38 MP: 6/6
  1602 | D:2      | Noticed Natasha
  1609 | D:2      | Killed Natasha
  1644 | D:2      | Noticed Natasha
  1646 | D:2      | Killed Natasha
  1834 | D:2      | Reached skill level 1 in Dodging
  1894 | D:2      | 1894 ||| UPGRADING to +0 chain mail.
  1904 | D:2      | 1904 ||| DROPPING +0 scale mail.
  1905 | D:2      | 1905 ||| DRINKING 2 smoky black potions.
  1918 | D:3      | 1918 ||| STAIRDANCE
  1925 | D:3      | 1925 ||| STAIRDANCE
  2073 | D:3      | Found a transporter.
  2074 | D:3      | Noticed an ice beast
  2131 | D:3      | 2131 ||| Stepping ~*~*~tactically~*~*~ (stealth).
  2133 | D:3      | 2133 ||| Stepping ~*~*~tactically~*~*~ (stealth).
  2152 | D:3      | 2152 ||| DROPPING +0 whip.
  2231 | D:3      | HP: 3/38 [gnoll/+0 halberd (8)]
  2233 | D:3      | Slain by a gnoll

Levels and vault maps discovered:
D:1:      lightli_iron_boxes, layout_rooms, shapermc_ecumenical_altar_gd
D:2:      layout_basic, uniq_jessica, uniq_natasha, uniq_sigmund
D:3:      layout_basic, gammafunk_ghost_arena

Skill      XL: |  1  2  3  4  5  6 |
---------------+-------------------+-----
Axes           | 2 3 5 |  5.5
Fighting       | 4 |  4.2
Dodging        | 1 |  1.0
Armour         | |  3.2
Shields        | |  3.2

Action                   |  1- 3 |  4- 6 || total
-------------------------+-------+-------++-------
Melee: War axe           |    65 |   102 ||   167
  Use: Scroll            |     5 |       ||     5
       Potion            |       |     1 ||     1
Armor: Scale mail        |    30 |    29 ||    59
       Chain mail        |       |    30 ||    30
Dodge: Dodged            |    32 |    52 ||    84
Block: Buckler           |     6 |    23 ||    29

Table legend:
 A = Non-vault XP
 B = Vault XP
 C = Vault XP percentage of total XP
 D = Non-vault monster count
 E = Vault monster count
 F = Vault count percentage of total count
                 A         B        C        D         E       F
            +---------+---------+-------+---------+---------+-------
      Total |     203 |     303 |  59.9 |      51 |       3 |   5.6
            +---------+---------+-------+---------+---------+-------
        D:1 |      19 |       0 |   0.0 |      14 |       0 |   0.0
        D:2 |     108 |     303 |  73.7 |      24 |       3 |  11.1
        D:3 |      76 |       0 |   0.0 |      13 |       0 |   0.0
            +---------+---------+-------+---------+---------+-------
